 Dungeon Crawl Stone Soup version 0.29.1-13-g9f3cf754e1 (webtiles) character file.

Game seed: 6472795999758408465

128 dangeratio the Trooper (level 4, 0/38 HPs)
             Began as a Demigod Fighter on Jan 25, 2023.
             Slain by an orc
             ... wielding a +0 club
              (4 damage)
             ... on level 3 of the Dungeon on Jan 26, 2023.
             The game lasted 00:25:33 (2289 turns).

dangeratio the Trooper (Demigod Fighter)            Turns: 2289, Time: 00:25:33

Health: 0/38       AC:  8    Str: 21    XL:     4   Next: 58%
Magic:  6/6        EV:  9    Int: 10    God:
Gold:   53         SH:  4    Dex: 13    Spells: 3/3 levels left

rFire   . . .      SeeInvis .   q - +2 dagger (speed)
rCold   . . .      Faith    .   c - +0 buckler
rNeg    . . .      Spirit   .   b - +0 scale mail {dangeratio}
rPois   .          Reflect  .   s - +0 helmet
rElec   .          Harm     .   v - scarf {shadows}
rCorr   .          Rampage  .   (no gloves)
Will    .....                   (no boots)
Stlth   ..........              (no amulet)
HPRegen 0.12/turn               t - ring of wizardry
MPRegen 0.10/turn               (no ring)

@: no status effects
A: high MP 1, forlorn, divine attributes
a: no special abilities


You were on level 3 of the Dungeon.
You visited 1 branch of the dungeon, and saw 3 of its levels.

You collected 113 gold pieces.
You spent 60 gold pieces at shops.

Inventory:

Hand Weapons
 a - a +0 long sword
 j - a +0 whip
 l - the +5 dire flail of Kindness {holy, rC- Str+8 Int+5}
   (You found it on level 2 of the Dungeon)

   It has been blessed by the Shining One to cause great damage to the undead
   and demons.
   Str:       It affects your strength (+8).
   Int:       It affects your intelligence (+5).
   rC:        It makes you vulnerable to cold.
 m - a +0 short sword
 o - a +0 dagger
 q - a +2 dagger of speed (weapon)
 A - a +0 spear
 C - a +0 sling
 D - a +0 club
 E - a +0 flail
 F - a +0 halberd
Missiles
 i - 12 stones (quivered)
Armour
 b - a +0 scale mail (worn) {dangeratio}
 c - a +0 buckler (worn)
 k - a +0 leather armour
 r - a +0 leather armour
 s - a +0 helmet (worn)
 u - a +0 ring mail
 v - a scarf of shadows (worn)
 y - a +0 robe
Jewellery
 t - a ring of wizardry (left hand)
Scrolls
 f - a scroll of amnesia
 H - a scroll of enchant weapon {unknown}
 I - a scroll of enchant armour {unknown}
Potions
 d - a potion of might
 g - a potion of haste {unknown}
 n - a potion of heal wounds {unknown}
 z - a potion of degeneration {unknown}
 G - a potion of lignification {unknown}


   Skills:
 + Level 3.4 Fighting
 + Level 1.8(2.4) Short Blades
 + Level 2.4(2.8) Long Blades
 + Level 3.3 Armour
 + Level 0.3 Dodging
 + Level 3.0 Shields


You had 3 spell levels left.
You didn't know any spells.
Your spell library was empty.

Dungeon Overview and Level Annotations

Branches:
Dungeon (3/15)

Shops:
D:3 :**=

Annotations:
D:3 Grinder


Innate Abilities, Weirdness & Mutations

You have an increased reservoir of magic. (+10% MP)
You shall have no god before yourself.
Your divine heritage dramatically boosts your attributes as you level up.


Message History

* * * LOW HITPOINT WARNING * * *
The orc hits you but does no damage. The orc barely misses you.
Grinder blinks!
The orc throws a boomerang.
You block the boomerang.
You hit the orc.
You kill the orc!
You hit the orc.
The orc is heavily wounded.
You hit the orc but do no damage.
The orc is heavily wounded.
The orc hits you with a +0 club.
* * * LOW HITPOINT WARNING * * *
You hit the orc but do no damage.
The orc is heavily wounded.
As you read the scroll labelled HAIRHE OTAOLO, it crumbles to dust.
It is a scroll of identify.
f - a scroll of amnesia The orc hits you with a +0 club.
* * * LOW HITPOINT WARNING * * *
You feel better. The orc hits you but does no damage.
The orc attacks as you move away! You block the orc's attack.
The orc hits you but does no damage. The orc attacks as you move away!
You block the orc's attack.
The orc throws a boomerang.
The boomerang hits you but does no damage.
The orc attacks as you move away! The orc hits you with a +0 club.
The orc hits you with a +0 club.
* * * LOW HITPOINT WARNING * * *
The orc hits you but does no damage. The orc attacks as you move away!
The orc hits you with a +0 club.
* * * LOW HITPOINT WARNING * * *
The orc attacks as you move away! The orc barely misses you.
You barely miss the orc.
The orc is heavily wounded.
The orc hits you with a +0 club.
* * * LOW HITPOINT WARNING * * *
You hit the orc but do no damage.
The orc is heavily wounded.
The orc hits you with a +0 club.
You die...

## #.#....# ##.# #.#.#### #.#..
#.###### ##.#.# #.##...) ###..#.#
####†##.... #....#.# #...†......
## #.#..#.#######.#........ #.
#.#..#...............<.# #.######
#.#..5o@......##.......#
5..<...###.#...#######.##.......#
..†.##.#.......#####............#
..).##.##..#.......#.............
.....#.....#.......#...........##
####.#####.#..>............#####
#.).....#.......#.......#
#########.###...#........#
##......................#


You could see Grinder and an orc.

Vanquished Creatures
  6 gnolls
  4 worms
  3 dart slugs (D:2)
  2 orcs (D:3)
  2 ball pythons
  5 bats
  2 endoplasms (D:2)
  3 giant cockroaches
  3 goblins
  7 hobgoblins
  4 quokkas
  2 frilled lizards
  4 kobolds
  6 rats
53 creatures vanquished.

Notes
Turn   | Place    | Note
-------+----------+-------------------------------------------
     0 | D:1      | dangeratio the Demigod Fighter began the quest for the Orb.
     0 | D:1      | Reached XP level 1. HP: 18/18 MP: 3/3
   549 | D:1      | Reached XP level 2. HP: 22/25 MP: 4/4
   964 | D:2      | Reached XP level 3. HP: 28/31 MP: 5/5
  1088 | D:2      | Reached skill level 1 in Short Blades
  1324 | D:2      | Identified the +5 dire flail of Kindness {holy, rC- Str+8
                  | Int+5}
  1770 | D:3      | Found Botuwkat's Jewellery Boutique.
  1839 | D:3      | Reached XP level 4. HP: 38/38 MP: 6/6
  1986 | D:3      | Found Ucoavvuips's Assorted Antiques.
  1996 | D:3      | Found Kacwuasm's Assorted Antiques.
  2010 | D:3      | Bought a scroll labelled UNGUHA IKOTUZO for 30 gold pieces
  2010 | D:3      | Bought a scroll labelled VUTIAT HECZIYF for 30 gold pieces
  2176 | D:3      | Found Tiluih's Book Emporium.
  2221 | D:3      | Noticed Grinder
  2240 | D:3      | Paralysed by Grinder for 3 turns
  2253 | D:3      | Paralysed by Grinder for 5 turns
  2289 | D:3      | Slain by an orc

Illustrated notes

Levels and vault maps discovered:
D:1:      eino_arrival_water_star, layout_loops_corners, nicolae_hexahallways,
          minivault_26
D:2:      layout_basic, ebering_ecumenical_altar_mist, basic_altar
D:3:      layout_basic, serial_shops, shop, shop, nicolae_shop_stone, shop,
          serial_rivers, chequers_serial_rivers_room_a,
          chequers_serial_rivers_small_b, chequers_serial_rivers_micro_b,
          chequers_serial_rivers_room_b, chequers_serial_rivers_micro_d,
          chequers_serial_rivers_large_a, kennysheep_generic_room_5,
          uniq_grinder

Skill      XL: |  1  2  3 |
---------------+----------+-----
Long Blades    | 2 |  2.4
Fighting       | 3 |  3.4
Armour         | 3 |  3.3
Shields        | 3 |  3.0
Short Blades   | 1 |  1.8
Dodging        | |  0.3

Action                   |  1- 3 |  4- 6 || total
-------------------------+-------+-------++-------
Melee: Long sword        |    39 |       ||    39
       Dagger            |   110 |   117 ||   227
  Use: Scroll            |     3 |     1 ||     4
       Potion            |     2 |     1 ||     3
Armor: Scale mail        |    41 |    44 ||    85
Dodge: Dodged            |    54 |    45 ||    99
Block: Buckler           |    31 |    25 ||    56
